 Dungeon Crawl Stone Soup version 0.19-a0-1626-g5215c36 (webtiles) character file.

5754 sveltemanboy the Carver (level 10, 0/76 HPs)
             Began as a Demonspawn Gladiator on Sept 18, 2016.
             Was a Believer of Yredelemnul.
             Killed by vampiric draining
             ... invoked by a vampire
              (17 damage)
             ... on level 10 of the Dungeon.
             The game lasted 00:26:13 (9222 turns).

sveltemanboy the Carver (Demonspawn Gladiator)      Turns: 9222, Time: 00:26:13

Health: 0/76       AC: 16    Str: 20    XL:     10   Next: 49%
Magic:  16/16      EV: 12    Int: 11    God:    Yredelemnul [**....]
Gold:   374        SH:  0    Dex: 20    Spells: 0 memorised, 9 levels left

rFire  . . .     SeeInvis .     a - +1 long sword
rCold  . . .     Gourm    +     e - +6 chain mail of Minor Irritation {Dex+7}
rNeg   . . .     Faith    .     (no shield)
rPois  .         Spirit   .     (helmet restricted)
rElec  .         Dismiss  .     (no cloak)
rCorr  .         Reflect  .     q - +0 pair of gloves
MR     .....     Harm     .     (no boots)
Stlth  .......... Rnd*Tele +    m - amulet of the gourmand
                                (no ring)
                                h - ring of wizardry

@: no status effects
A: horns 1, clever 1, teleportitis 1, wild magic 1, rot immunity, sturdy frame 2
a: Animate Remains, Recall Undead Slaves, Injury Mirror, Renounce Religion


You were on level 10 of the Dungeon.
You worshipped Yredelemnul.
Yredelemnul was pleased with you.
You were full.

You visited 1 branch of the dungeon, and saw 10 of its levels.

You collected 581 gold pieces.
You spent 207 gold pieces at shops.

Inventory:

Hand Weapons
 a - a +1 long sword (weapon)
Missiles
 k - 371 stones (quivered)
 n - 4 tomahawks
Armour
 e - the +6 chain mail of Minor Irritation (worn) {Dex+7}
   (You found it on level 8 of the Dungeon)

   It affects your dexterity (+7).
 q - a +0 pair of gloves (worn)
Jewellery
 h - a ring of wizardry (left hand)
 m - an amulet of the gourmand (around neck)
Wands
 y - a wand of slowing (23/48)
 D - a wand of enslavement (8/24)
Scrolls
 b - a scroll of blinking
 c - 4 scrolls of remove curse
 j - 4 scrolls of enchant weapon
 l - 2 scrolls of identify
 s - 4 scrolls of teleportation
 v - 2 scrolls of enchant armour
 w - 2 scrolls of recharging
 x - 4 scrolls of magic mapping
 E - a scroll of amnesia
Potions
 i - a potion of invisibility
 o - 4 potions of lignification
 p - 2 potions of ambrosia
 u - a potion of haste
 A - a potion of curing
 B - 2 potions of brilliance
Comestibles
 f - 11 bread rations
 g - 6 meat rations
 r - 4 beef jerkies
 t - a royal jelly
 C - 7 slices of pizza


   Skills:
 - Level 6.2 Fighting
 * Level 10.8 Long Blades
 - Level 1.7 Throwing
 - Level 4.0 Armour
 - Level 5.0 Dodging
 + Level 8.0 Invocations
 + Level 1.4 Evocations


You had 9 spell levels left.
You didn't know any spells.

Dungeon Overview and Level Annotations

Branches:
Dungeon (10/15)            Temple (0/1) D:6            Lair (0/6) D:10
    Orc: D:9-12

Altars:
Ashenzari
Dithmenos
Gozag
Kikubaaqudgha
Nemelex Xobeh
Trog
Yredelemnul

Shops:
D:4 *


Innate Abilities, Weirdness & Mutations

You have a pair of small horns on your head.
You are immune to rotting.
Your movements are less encumbered by armour. (ER -4)
Your mind is acute. (Int +2)
You are occasionally teleported next to monsters.
Your spells are a little harder to cast, but a little more powerful.


Message History

You slash the vampire! You headbutt the vampire.
The vampire is almost destroyed.
The vampire hits you!
* * * LOW HITPOINT WARNING * * *
The vampire bites you but does no damage.
You are too injured to fight recklessly!
You are too injured to fight recklessly!
You hit the vampire but do no damage. Your headbutt misses the vampire.
The vampire is almost destroyed.
The vampire misses you.
You riposte.
You hit the vampire.
The vampire is almost destroyed.
The vampire bites you.
* * * LOW HITPOINT WARNING * * *
The vampire draws strength from your injuries!
You hit the vampire but do no damage.
You headbutt the vampire, but do no damage.
The vampire is almost destroyed.
The vampire is infused with unholy energy.
You die...
Your body rises from the dead as a mindless zombie.

#.................
#.................
#.................
#.................
#.................
#.................
#.....<###########
##.V.(........#..>.
#.@###.###....#....
#.##.....##>..#....
#.#.8...8.#...#....
#.#.......##..###..
#....._............
###.......#+.......
#.8...8.##.......
##.....##........
###.###..#######


You could see a vampire.

Vanquished Creatures
  Erica (D:8)
  An unseen horror (D:10)
  4 hogs (D:8)
  A human (D:8)
  Menkaure (D:6)
  Duvessa (D:7)
  An orc warrior (D:9)
  A sky beast (D:5)
  A black bear (D:7)
  2 ogres
  4 necrophages (D:7)
  2 phantoms
  2 centaurs
  A gnoll sergeant (D:4)
  4 bullfrogs
  A scorpion (D:7)
  8 wights
  5 howler monkeys
  5 crimson imps
  A centaur zombie (D:7)
  3 hounds
  4 jellies
  7 orc wizards
  A quasit (D:8)
  A centaur skeleton (D:4)
  3 orc priests
  A bullfrog skeleton (D:9)
  3 iguanas
  9 worker ants
  2 hound zombies
  A hound skeleton (D:7)
  A worker ant zombie (D:7)
  A howler monkey skeleton (D:5)
  7 gnolls
  9 adders
  A shadow imp (D:7)
  4 oozes
  An adder skeleton (D:7)
  An adder zombie (D:7)
  2 worms
  3 dart slugs
  6 leopard geckos
  11 orcs
  A ball python (D:3)
  8 giant cockroaches
  7 goblins
  6 hobgoblins
  13 jackals
  11 kobolds
  4 quokkas
  8 bats
  5 frilled lizards
  A jackal skeleton (D:4)
  A jackal zombie (D:7)
  A leopard gecko zombie (D:5)
  2 quokka skeletons
  2 quokka zombies (D:7)
  8 rats
207 creatures vanquished.

Vanquished Creatures (collateral kills)
  A necrophage (D:7)
  A crocodile (D:7)
  2 big kobolds (D:9)
  Dowan (D:7)
  A scorpion (D:7)
  2 wights (D:7)
  A crimson imp (D:8)
  2 mummies (D:7)
  An adder (D:7)
  A kobold (D:9)
13 creatures vanquished.

Vanquished Creatures (others)
  A necrophage skeleton (D:7)
  A howler monkey zombie (D:7)
  A worker ant zombie (D:10)
  An adder skeleton (D:7)
  A gnoll zombie (D:8)
  A jackal skeleton (D:7)
  2 jackal zombies (D:7)
  2 orc zombies (D:9)
10 creatures vanquished.

Grand Total: 230 creatures vanquished

Notes
Turn   | Place    | Note
-------+----------+-------------------------------------------
     0 | D:1      | sveltemanboy the Demonspawn Gladiator began the quest for the Orb.
     0 | D:1      | Reached XP level 1. HP: 16/16 MP: 1/1
   109 | D:1      | You fall through a shaft!
   119 | D:2      | Reached skill level 3 in Long Blades
   239 | D:2      | Gained mutation: You have a pair of small horns on your head. [demonic ancestry]
   239 | D:2      | Reached XP level 2. HP: 12/22 MP: 2/2
   862 | D:1      | Reached XP level 3. HP: 25/27 MP: 3/3
  1126 | D:1      | Reached skill level 1 in Armour
  1499 | D:2      | Reached skill level 4 in Long Blades
  1699 | D:3      | Gained mutation: Your movements are slightly less encumbered by armour. (ER -2) [demonic ancestry]
  1699 | D:3      | Reached XP level 4. HP: 31/33 MP: 4/4
  2265 | D:3      | Found a faded altar of an unknown god.
  2689 | D:4      | Reached XP level 5. HP: 15/38 MP: 5/5
  3228 | D:4      | Found Duetoej's General Store.
  3231 | D:4      | Bought a scroll of torment for 97 gold pieces
  3231 | D:4      | Bought a scroll of magic mapping for 45 gold pieces
  3231 | D:4      | Bought a scroll of identify for 26 gold pieces
  3231 | D:4      | Bought a potion of curing for 39 gold pieces
  3386 | D:4      | Reached skill level 5 in Long Blades
  3427 | D:4      | Found a shattered altar of Ashenzari.
  3562 | D:4      | Gained mutation: Your mind is acute. (Int +2) [potion of mutation]
  3562 | D:4      | Gained mutation: Your spells are a little harder to cast, but a little more powerful. [potion of mutation]
  3562 | D:4      | Gained mutation: You are clumsy. (Dex -2) [potion of mutation]
  3571 | D:4      | Gained mutation: Your movements are less encumbered by armour. (ER -4) [demonic ancestry]
  3571 | D:4      | Reached XP level 6. HP: 40/44 MP: 6/6
  3646 | D:5      | Entered Level 5 of the Dungeon
  4004 | D:5      | Reached XP level 7. HP: 30/50 MP: 7/7
  4126 | D:5      | Lost mutation: You are clumsy. (Dex -2) [potion of mutation]
  4126 | D:5      | Gained mutation: You are occasionally teleported next to monsters. [potion of mutation]
  4199 | D:5      | Reached skill level 6 in Long Blades
  4847 | D:5      | Found an ancient bone altar of Kikubaaqudgha.
  4912 | D:5      | You fall through a shaft for 3 floors!
  4937 | D:8      | Got an ichor-stained chain mail
  5015 | D:5      | Reached XP level 8. HP: 35/56 MP: 8/8
  5143 | D:5      | Identified the +6 chain mail of Minor Irritation {Dex+7} (You found it on level 8 of the Dungeon)
  5402 | D:5      | Found a basalt altar of Yredelemnul.
  5402 | D:5      | Found a bloodstained altar of Trog.
  5488 | D:5      | Became a worshipper of Yredelemnul the Dark
  5608 | D:6      | Reached skill level 7 in Long Blades
  5628 | D:6      | Found a staircase to the Ecumenical Temple.
  5656 | D:6      | Reached skill level 5 in Dodging
  5656 | D:6      | Reached skill level 1 in Invocations
  5924 | D:6      | Noticed Menkaure
  5933 | D:6      | Killed Menkaure
  6049 | D:7      | Reached skill level 8 in Long Blades
  6118 | D:7      | Found a shadowy altar of Dithmenos.
  6124 | D:7      | Reached * piety under Yredelemnul
  6163 | D:7      | Gained mutation: You are immune to rotting. [demonic ancestry]
  6163 | D:7      | Reached XP level 9. HP: 64/64 MP: 10/12
  6306 | D:7      | Noticed Duvessa
  6324 | D:7      | Killed Duvessa
  6427 | D:7      | Reached skill level 5 in Invocations
  6433 | D:7      | Noticed Dowan
  6443 | D:7      | Killed Dowan
  6672 | D:7      | Reached skill level 9 in Long Blades
  6791 | D:7      | Reached ** piety under Yredelemnul
  7283 | D:8      | Got an ichor-stained crystal plate armour
  7294 | D:8      | Identified the cursed +1 crystal plate armour of Pessimism {+Inv Regen+} (You found it on level 8 of the Dungeon)
  7385 | D:8      | Noticed Erica
  7411 | D:8      | Killed Erica
  7411 | D:8      | Reached skill level 5 in Fighting
  7825 | D:8      | Reached skill level 10 in Long Blades
  7827 | D:8      | Reached XP level 10. HP: 74/74 MP: 15/15
  8374 | D:9      | Found a sparkling altar of Nemelex Xobeh.
  8915 | D:10     | Entered Level 10 of the Dungeon
  8915 | D:10     | Found an opulent altar of Gozag.
  8946 | D:10     | Found a staircase to the Lair.
  9070 | D:10     | Killed an unseen horror
  9070 | D:10     | Reached skill level 1 in Evocations
  9222 | D:10     | Killed from afar by a vampire

Vault maps used:
D:1:      dpeg_arrival_simpleton_b
D:2:      first_bread
D:3:      ecumenical_altar_2
D:4:      kennysheep_mini, nicolae_overflow_hidden_temple, serial_shops,
          nicolae_shop_behind_doors, kennysheep_flooded_box,
          hangedman_decor_clover_reticule, grunt_ministairs_9,
          minmay_misc_feat_chi, minmay_goblin_kobold_house
D:5:      kiku_gazebo_pond_becter, gammafunk_temple_overflow_statue,
          minmay_a_box_with_orc_wizards_in_it
D:6:      uniq_menkaure
D:7:      grunt_dithmenos_smoke_and_mirrors, serial_undead, serial_undead_d,
          serial_undead_f, serial_undead_e, serial_undead_e, serial_undead_f,
          serial_undead_a, serial_undead_d, uniq_duvessa
D:8:      serial_corexii_hall, corexii_hall_statues_u, corexii_hall_statues_x,
          grunt_livestock, uniq_erica
D:9:      nemelex_xobeh_ov_fountains_minmay
D:10:     lair_0_dummy, orc_0_dummy, grunt_gozag_statues

Skill      XL: |  1  2  3  4  5  6  7  8  9 10 |
---------------+-------------------------------+-----
Long Blades    | 3 4 5 6 8 10 | 10.8
Armour         | 1 2 3 4 |  4.0
Dodging        | 3 4 5 |  5.0
Invocations    | 4 6 8 |  8.0
Fighting       | 3 5 6 |  6.2
Evocations     | 1 |  1.4
Throwing       | |  1.7

Action                   |  1- 3 |  4- 6 |  7- 9 | 10-12 || total
-------------------------+-------+-------+-------+-------++-------
Melee: Long sword        |   116 |   193 |   427 |   174 ||   910
       Headbutt          |    15 |    31 |   114 |    53 ||   213
Throw: Stone             |     3 |    17 |    36 |       ||    56
       Tomahawk          |       |       |     9 |       ||     9
       Throwing net      |       |       |     3 |       ||     3
Invok: Animate Remains   |       |       |    15 |    14 ||    29
  Use: Scroll            |       |     6 |     8 |     4 ||    18
       Potion            |       |     2 |     8 |     4 ||    14
 Stab: Distracted        |       |     1 |     1 |       ||     2
  Eat: Chunk             |    11 |     9 |    18 |     5 ||    43
Armor: Leather armour    |    16 |       |       |       ||    16
       Ring mail         |    15 |    48 |    15 |       ||    78
       Skin              |       |       |    24 |       ||    24
       Chain mail        |       |       |   119 |    90 ||   209
Dodge: Dodged            |    60 |    99 |   207 |    74 ||   440
